 Dungeon Crawl Stone Soup version 0.25-a0-697-g890751e (webtiles) character file.

Game seed: 321521418544448033, levelgen mode: deterministic

21 Charmandara the Sneak (level 2, 0/17 HPs)
             Began as a Gargoyle Assassin on Apr 1, 2020.
             Slain by a kobold (2 damage)
             ... on level 1 of the Dungeon on Apr 2, 2020.
             The game lasted 00:01:11 (217 turns).

Charmandara the Sneak (Gargoyle Assassin)            Turns: 217, Time: 00:01:11

Health: 0/17       AC:  5    Str: 14    XL:     2   Next: 87%
Magic:  2/2        EV: 11    Int: 11    God:
Gold:   10         SH:  0    Dex: 11    Spells: 1/1 levels left

rFire    . . .     SeeInvis .   a - +2 dagger
rCold    . . .     Gourm    .   (no shield)
rNeg     + . .     Faith    .   b - +0 robe
rPois    ∞         Spirit   .   (no helmet)
rElec    +         Reflect  .   c - +0 cloak
rCorr    .         Harm     .   (no gloves)
MR       .....                  (no boots)
Stlth    ++........             (no amulet)
HPRegen  0.05/turn              (no ring)
MPRegen  0.08/turn              (no ring)

@: no status effects
A: negative energy resistance 1, electricity resistance, unbreathing,
petrification resistance, rot immunity, AC +2
a: no special abilities


You were on level 1 of the Dungeon.
You were not hungry.

You visited 1 branch of the dungeon, and saw 1 of its levels.

You collected 10 gold pieces.

Inventory:

Hand Weapons
 a - a +2 dagger (weapon)
Missiles
 d - 8 poisoned darts
 e - 2 curare-tipped darts
Armour
 b - a +0 robe (worn)
 c - a +0 cloak (worn)
Comestibles
 f - a ration
 g - 4 chunks of flesh {@w0}


   Skills:
 - Level 2.1 Fighting
 + Level 3.0 Short Blades
 - Level 1.7 Throwing
 - Level 0.7 Dodging
 + Level 4.3 Stealth


You had one spell level left.
You didn't know any spells.
Your spell library was empty.

Dungeon Overview and Level Annotations

Branches:
Dungeon (1/15)

Altars:


Innate Abilities, Weirdness & Mutations

You are resistant to torment.
Your stone body is resilient. (AC +2)
You are immune to poison.
You resist negative energy. (rN+)
You are resistant to electric shocks. (rElec)
You can survive without breathing.
You are immune to petrification.
You are immune to rotting.


Message History

You hit the dart slug. You hit the dart slug. The dart slug barely misses you.
You hit the dart slug. The dart slug misses you.
You hit the dart slug but do no damage. You hit the dart slug.
You kill the dart slug!
You see here a dart slug corpse.
There isn't anything here!
You see here a bat corpse.
There isn't anything here!
You see here a dart slug corpse.
You butcher the dart slug corpse.
g - 3 chunks of flesh {@w0} (gained 2)
You see here a bat corpse.
You butcher the bat corpse.
g - 4 chunks of flesh {@w0} (gained 1)
You see here a bat skeleton.
You start resting.
A hobgoblin comes into view.
You regained 3 hp, and now have 14/17 hp.
Items here: )) ? ††† a +0 dagger; a +0 club; a scroll labeled NYDURALEAL; a kobold corpse a giant cockroach corpse; a goblin corpse A hobgoblin is nearby!
You see here a bat skeleton.
The hobgoblin shouts!
The hobgoblin hits you.
You take 1 damage, and have 14/17 hp.
You hit the hobgoblin but do no damage. The hobgoblin hits you.
You take 3 damage, and have 11/17 hp.
You closely miss the hobgoblin.
The hobgoblin hits you but does no damage.
You hit the hobgoblin. You hit the hobgoblin. The hobgoblin closely misses you.
You hit the hobgoblin.
The hobgoblin hits you but does no damage.
You hit the hobgoblin.
You kill the hobgoblin!
You see here a +0 hunting sling.
There isn't anything to butcher here.
You start resting.
A kobold comes into view. It is wielding a +0 short sword.
A hobgoblin comes into view. It is wielding a +0 club.
A leopard gecko and a bat come into view.
The hobgoblin shouts!
The kobold shouts!
The leopard gecko hisses angrily.
You hear a bark!
The hobgoblin hits you but does no damage.
You hit the hobgoblin. The hobgoblin hits you with a +0 club.
You take 1 damage, and have 11/17 hp.
You barely miss the hobgoblin.
The hobgoblin hits you but does no damage.
You hit the hobgoblin.
A jackal comes into view.
The jackal barks!
You hit the hobgoblin.
You kill the hobgoblin!
The bat misses you.
You closely miss the bat. The bat hits you but does no damage.
You barely miss the bat. The bat hits you but does no damage.
A kobold comes into view.
You closely miss the bat. The bat closely misses you.
The bat barely misses you.
You closely miss the bat. The bat hits you but does no damage.
The kobold shouts!
You hit the bat. The bat hits you but does no damage.
The bat barely misses you.
You closely miss the bat. The bat closely misses you.
You hit the bat.
You kill the bat!
You hit the leopard gecko.
The leopard gecko bites you but does no damage.
You barely miss the leopard gecko. The leopard gecko closely misses you.
You barely miss the leopard gecko. The leopard gecko bites you.
You take 4 damage, and have 7/17 hp.
MASSIVE DAMAGE!!
You miss the leopard gecko. The leopard gecko closely misses you.
You hit the leopard gecko.
You kill the leopard gecko!
Your Short Blades skill increases to level 3!
Your library has no spells.
Unknown command.
You don't know any spells.
Unknown command.
You closely miss the kobold.
The kobold hits you with a +0 short sword.
* * * LOW HITPOINT WARNING * * *
You take 5 damage, and have 2/17 hp.
MASSIVE DAMAGE!!
Unknown command.
You aren't carrying any potions.
Unknown command.
You aren't carrying any scrolls.
Unknown command.
You closely miss the kobold. The kobold barely misses you.
Unknown command.
You hit the kobold.
You kill the kobold!
You closely miss the kobold. The kobold hits you but does no damage.
You barely miss the kobold. The kobold hits you.
You die...

#.#....÷# . # #
#.......#(#
#.###.....#.#
#...........## #
#.##.........# .
#.####..>......# ...
#....#.........#
.....###...).......#
......hK@..........#
.....[###......#####
..... #......# ....
#......# ...
#......# .. #......#
. '......# .#......#


You could see a jackal and a kobold.

Vanquished Creatures
  A dart slug (D:1)
  A leopard gecko (D:1)
  A giant cockroach (D:1)
  3 goblins (D:1)
  2 hobgoblins (D:1)
  2 jackals (D:1)
  2 kobolds (D:1)
  2 bats (D:1)
  2 frilled lizards (D:1)
16 creatures vanquished.

Notes
Turn   | Place    | Note
-------+----------+-------------------------------------------
     0 | D:1      | Charmandara the Gargoyle Assassin began the quest for the
                  | Orb.
     0 | D:1      | Reached XP level 1. HP: 12/12 MP: 1/1
    31 | D:1      | Reached skill level 2 in Short Blades
    54 | D:1      | Reached XP level 2. HP: 14/17 MP: 2/2
   212 | D:1      | Reached skill level 3 in Short Blades
   213 | D:1      | HP: 2/17 [kobold/+0 short sword (6)]
   217 | D:1      | Slain by a kobold

Levels and vault maps discovered:
D:1:      dpeg_arrival_shelter, layout_basic

Skill      XL: |  1  2 |
---------------+-------+-----
Short Blades   | 2 3 |  3.0
Fighting       | |  2.1
Throwing       | |  1.7
Dodging        | |  0.7
Stealth        | |  4.3

Action                   || total
-------------------------++-------
Melee: Dagger            ||    58
Armor: Robe              ||    19
Dodge: Dodged            ||    20

Table legend:
 A = Non-vault XP
 B = Vault XP
 C = Vault XP percentage of total XP
 D = Non-vault monster count
 E = Vault monster count
 F = Vault count percentage of total count
                 A         B        C        D         E       F
            +---------+---------+-------+---------+---------+-------
      Total |      31 |       0 |   0.0 |      16 |       0 |   0.0
            +---------+---------+-------+---------+---------+-------
        D:1 |      31 |       0 |   0.0 |      16 |       0 |   0.0
            +---------+---------+-------+---------+---------+-------

Levels and vault maps discovered:
D:1:      dpeg_arrival_shelter, layout_basic

Table legend:
 A = Turns spent in this place as a percentage of turns spent in the entire game.
 B = Non-inter-level travel turns spent in this place as a percentage of non-inter-level travel turns spent in the entire game.
 C = Inter-level travel turns spent in this place as a percentage of turns spent in this place.
 D = Turns resting spent in this place as a percentage of non-inter-level travel turns spent in this place.
 E = Turns spent auto-exploring this place as a percentage of non-inter-level travel turns spent in this place.
 F = Non-inter-level travel turns spent in this place divided by the number of levels of this place that you've seen.
                   A       B       C       D       E      F
               +-------+-------+-------+-------+-------+----------------------
         Total | 100.0 | 100.0 |   0.0 |  37.8 |   2.8 | 217.0
       Dungeon | 100.0 | 100.0 |   0.0 |  37.8 |   2.8 | 217.0
               +-------+-------+-------+-------+-------+----------------------

Table legend:
 A = Kills in this place as a percentage of kills in entire the game.
 B = Kills by you in this place as a percentage of kills by you in the entire game.
 C = Kills by friends in this place as a percentage of kills by friends in the entire game.
 D = Other kills in this place as a percentage of other kills in the entire game.
 E = Experience gained in this place as a percentage of experience gained in the entire game.
 F = Experience gained in this place divided by the number of levels of this place that you have seen.
                   A       B       C       D       E      F
               +-------+-------+-------+-------+-------+----------------------
         Total | 100.0 | 100.0 |   N/A |   N/A | 100.0 |  31.0
       Dungeon | 100.0 | 100.0 |   N/A |   N/A | 100.0 |  31.0
               +-------+-------+-------+-------+-------+----------------------
